 Dungeon Crawl Stone Soup version 0.31-a0-618-g7ca08c1ff9 (webtiles) character file.

Game seed: 13029897479294051279

1565 freelancePsychic the Shooter (level 8, -1/63 HPs)
             Began as a Demonspawn Shapeshifter on Aug 22, 2023.
             Was an Initiate of Dithmenos.
             Slain by a jelly (3 damage)
             ... on level 6 of the Dungeon.
             The game lasted 00:08:49 (5835 turns).

freelancePsychic the Shooter (DsSh)                 Turns: 5835, Time: 00:08:50

Health: -1/63      AC: -2    Str: 13    XL:     8   Next: 59%
Magic:  8/8        EV: 13    Int:  9    God:    Dithmenos [......]
Gold:   242        SH:  0    Dex: 17    Spells: 7/7 levels left

rFire   . . .        b - +4 orcbow of Cutrotuc {flame, rPois rC++ rN+ Str-4 Stlth+}
rCold   + + .        (shield currently unavailable)
rNeg    + . .        p - +0 animal skin
rPois   +            (helmet currently unavailable)
rElec   .            (cloak currently unavailable)
rCorr   .            (gloves currently unavailable)
SInv    .            (boots currently unavailable)
Will    +....        s - amulet of regeneration
Stlth   +++          (no ring)
HPRegen 1.10/turn    (no ring)
MPRegen 0.11/turn

%: no passive effects
@: confused, brilliant, beast-form, corroded, enlightened, flying, studying
Ranged Weapons, invisible
A: beast (slay +1), hooves 1, thin skeletal structure 1
a: Begin Untransformation, Renounce Religion


You were on level 6 of the Dungeon.
You worshipped Dithmenos.
Dithmenos was noncommittal.
You were a hulking beast.
You visited 1 branch of the dungeon, and saw 6 of its levels.

You collected 441 gold pieces.
You spent 199 gold pieces at shops.

Inventory:

Hand Weapons
 a - a +1 longbow of flaming
 b - the +4 orcbow of Cutrotuc (weapon) {flame, rPois rC++ rN+ Str-4 Stlth+}
   (You acquired it on level 5 of the Dungeon)

   Str-4:     It affects your strength (-4).
   rC++:      It greatly protects you from cold.
   rPois:     It protects you from poison rN+: It protects you from negative
   energy.
   Stlth+:    It makes you more stealthy.
 h - a +0 dagger
Armour
 k - a +0 pair of gloves
 p - a +0 animal skin (worn)
Jewellery
 s - an amulet of regeneration (around neck)
Talismans
 c - a beast talisman (active)
 d - a flux talisman
Wands
 l - a wand of light (15)
 m - a wand of polymorph (7)
Scrolls
 f - a scroll of identify {@r1}
 g - 4 scrolls of teleportation {@r4}
 n - 2 scrolls of immolation
 u - a scroll of fog
Potions
 i - a potion of attraction
 j - a potion of degeneration {unknown}
 o - a potion of ambrosia
 q - 3 potions of lignification
 t - 2 potions of enlightenment
 v - a potion of cancellation {unknown}


   Skills:
 + Level 5.5 Fighting
 - Level 1.0 Short Blades
 * Level 7.9 Ranged Weapons
 + Level 2.5 Dodging
 - Level 5.0 Stealth
 - Level 3.0 Unarmed Combat
 - Level 2.8 Shapeshifting


You had 7 spell levels left.
You didn't know any spells.
Your spell library contained the following spells:

 Spells                   Type           Power      Damage    Failure   Level
 Kiss of Death            Conj/Necr      0%         2d5       38%         1
 Confusing Touch          Hex            0%         N/A       77%         3
 Dispel Undead            Necr           0%         3d6       99%         4


Dungeon Overview and Level Annotations

Branches:
Dungeon (6/15)             Temple (0/1) D:6

Altars:
Cheibriados
Dithmenos
Hepliaklqana
Makhleb
Okawaru
Qazlal
Ru
Uskayaw

Shops:
D:2 *   D:5 *

Annotations:
D:3 exclusion: bat, Grinder


Innate Abilities, Weirdness & Mutations

You are a hulking beast.
Your limbs bulge with bestial killing power. (Slay +1)
You have large cloven feet.
You have a somewhat thin skeletal structure. (Dex +2, Stealth+)


Message History

The orc wizard flickers and vanishes!
You're too confused to move!
The ogre barely misses you.
You hear some strange, mumbled words.
A puff of flame appears from out of thin air!
The puff of flame hits you!
You're too confused to move!
The ogre hits you with a +0 giant club!!
The orc wizard casts a spell.
The orc wizard flickers and vanishes!
You clumsily bash the ogre.
Your kick misses the ogre.
The ogre is severely wounded.
Something hits you. The jelly closely misses you.
The ogre hits you with a +0 giant club!!
* * * LOW HITPOINT WARNING * * *
You are too confused!
It was a potion of brilliance.
You feel clever all of a sudden.
You feel less invigorated. Something hits you.
* * * LOW HITPOINT WARNING * * *
The jelly barely misses you.
You are too confused!
It was a potion of invisibility.
You fade into invisibility!
The ogre closely misses you. Something hits you but does no damage.
The jelly barely misses you.
You clumsily bash the jelly but do no damage.
The acid corrodes you!
Your hands burn!
* * * LOW HITPOINT WARNING * * *
You kick the jelly.
The jelly is lightly wounded.
Something hits you.
* * * LOW HITPOINT WARNING * * *
Something hits you.
* * * LOW HITPOINT WARNING * * *
The jelly closely misses you. The ogre closely misses you. Something hits you.
* * * LOW HITPOINT WARNING * * *
Something hits you.
* * * LOW HITPOINT WARNING * * *
The jelly hits you.
You die...

###o### #.# #....#..#....###
####8...8###.# #...#....#......
.).....)..)..# #..#..##..#(....
......_.....)# #.#...##...#....
...........).######...)......#.>.
.###8...8###.)....##.....###.....
.# ####### #......######.###.....
.## ###...OJ.# #...#..... ..#
#......h.# ###....... #.#
#.....{..## ####.##### #.#
#.........#####....# # #.#
#......)........#### # #.###
#........##...<...###### #...#
######.####.#####.....#. ###.#
#.##...# ####..>.
#.###########..#.### ##...#..
#..................#####.<#####


You could see an ogre (unable to see you) and a jelly.

Vanquished Creatures
  A steam dragon (D:6)
  Menkaure (D:4)
  A water moccasin (D:4)
  An ice beast (D:6)
  An orc warrior (D:6)
  An ogre (D:6)
  A scorpion (D:6)
  A wight (D:6)
  2 howler monkeys
  4 orc priests
  3 hounds
  A sleepcap (D:6)
  4 iguanas
  8 orc wizards
  6 gnolls
  6 adders
  A white imp (D:5)
  An ufetubus (D:5)
  A worm (D:2)
  2 dart slugs
  13 orcs
  9 ball pythons
  10 endoplasms
  3 giant cockroaches (D:2)
  6 goblins
  7 hobgoblins
  2 jackals (D:2)
  9 kobolds
  10 bats
  4 frilled lizards
  6 rats
126 creatures vanquished.

Notes
Turn   | Place    | Note
-------+----------+-------------------------------------------
     0 | D:1      | freelancePsychic the Demonspawn Shapeshifter began the
                  | quest for the Orb.
     0 | D:1      | Reached XP level 1. HP: 15/15 MP: 1/1
   222 | D:1      | Gained mutation: You have a somewhat thin skeletal
                  | structure. (Dex +2, Stealth+) [demonic ancestry]
   222 | D:1      | Reached XP level 2. HP: 17/21 MP: 2/2
  1064 | D:2      | Reached skill level 1 in Stealth
  1064 | D:2      | Reached XP level 3. HP: 13/27 MP: 3/3
  1343 | D:2      | Found a faded altar of an unknown god.
  1975 | D:2      | Reached skill level 1 in Short Blades
  2107 | D:2      | Found Zibarr's Assorted Antiques.
  2122 | D:2      | Reached XP level 4. HP: 34/34 MP: 4/4
  2843 | D:3      | Noticed a scorpion
  2973 | D:3      | Noticed Grinder
  3145 | D:3      | Reached skill level 1 in Ranged Weapons
  3530 | D:3      | a scorpion changed into a howler monkey
  3537 | D:3      | Reached XP level 5. HP: 30/40 MP: 5/5
  3782 | D:2      | Bought a runed longbow for 199 gold pieces
  3908 | D:4      | Reached skill level 2 in Ranged Weapons
  3921 | D:4      | Noticed a water moccasin
  3929 | D:4      | Killed a water moccasin
  3930 | D:4      | Reached XP level 6. HP: 25/47 MP: 6/6
  4222 | D:4      | Reached skill level 3 in Ranged Weapons
  4255 | D:4      | Noticed Menkaure
  4274 | D:4      | Killed Menkaure
  4293 | D:4      | Reached XP level 7. HP: 53/53 MP: 7/7
  4304 | D:4      | Reached skill level 4 in Ranged Weapons
  4525 | D:5      | Entered Level 5 of the Dungeon
  4532 | D:5      | Found a stormy altar of Qazlal.
  4534 | D:5      | Found a hide-covered altar of Uskayaw.
  4598 | D:5      | Identified 2 scrolls of acquirement
  4600 | D:5      | Acquired the +4 orcbow of Cutrotuc {flame, rPois rC++ rN+
                  | Str-4 Stlth+}
  4602 | D:5      | Acquired a manual of Ranged Weapons
  4639 | D:5      | Found a snail-covered altar of Cheibriados.
  4783 | D:5      | Found a hazy altar of Hepliaklqana.
  4845 | D:5      | Found a sacrificial altar of Ru.
  4897 | D:5      | Reached skill level 5 in Ranged Weapons
  4964 | D:5      | Found Jovucw's Lightly-Used Armoury.
  5053 | D:5      | Found a burning altar of Makhleb.
  5209 | D:6      | Found a staircase to the Ecumenical Temple.
  5245 | D:6      | Found a shadowy altar of Dithmenos.
  5249 | D:6      | Became a worshipper of Dithmenos the Shadowed
  5340 | D:6      | Noticed a steam dragon
  5345 | D:6      | Killed a steam dragon
  5346 | D:6      | Reached skill level 6 in Ranged Weapons
  5346 | D:6      | Gained mutation: You have large cloven feet. [demonic
                  | ancestry]
  5346 | D:6      | Reached XP level 8. HP: 45/61 MP: 8/8
  5348 | D:6      | Reached skill level 5 in Fighting
  5395 | D:6      | Found an iron altar of Okawaru.
  5395 | D:6      | Found a runed translucent door.
  5432 | D:6      | Found the +0 toga "Victory" {*Victory Clar}
  5464 | D:6      | Reached skill level 7 in Ranged Weapons
  5812 | D:6      | Reached skill level 5 in Stealth
  5835 | D:6      | HP: 2/63 [something (2)]
  5835 | D:6      | Slain by a jelly

Illustrated notes

Levels and vault maps discovered:
D:1:      dpeg_arrival_three_smaller_balls, layout_loops_corners
D:2:      minmay_angry_zag, layout_loops_corners, serial_shops, shop,
          nicolae_ecumenical_oubliette, cheibrodos_gnoll_hut
D:3:      layout_basic, nicolae_houndstooth_variations, uniq_grinder
D:4:      layout_rooms, dreamdust_gnoll_farm, uniq_menkaure
D:5:      layout_cave_pools, nicolae_overflow_hidden_temple,
          lightli_temple_of_fire, amcnicky_altar_gilded, minmay_misc_feat_room,
          minmay_shop_damaged, kennysheep_doodads
D:6:      layout_rooms, nicolae_overflow_guarded_unrand_okawaru_victory,
          lemuel_crystal_altar, minmay_temple_entry_gardened_gates, minivault_26

Skill      XL: |  1  2  3  4  5  6  7  8 |
---------------+-------------------------+-----
Unarmed Combat | 3 |  3.0
Fighting       | 2 3 4 5 |  5.5
Stealth        | 1 2 3 4 5 |  5.0
Short Blades   | 1 |  1.0
Ranged Weapons | 1 2 3 6 7 |  7.9
Dodging        | 2 |  2.5
Shapeshifting  | |  2.8

Action                     |  1- 3 |  4- 6 |  7- 9 || total
---------------------------+-------+-------+-------++-------
  Melee: Unarmed           |    38 |       |       ||    38
         Dagger            |    95 |   119 |       ||   214
         Punch             |     2 |     1 |       ||     3
         Orcbow            |       |       |     3 ||     3
         Kick              |       |       |     1 ||     1
   Fire: Longbow           |       |    50 |    18 ||    68
         Orcbow            |       |       |    76 ||    76
  Evoke: Wand              |       |     3 |       ||     3
    Use: Potion            |     1 |     1 |     4 ||     6
         Scroll            |       |       |     7 ||     7
   Stab: Sleeping          |    12 |     4 |       ||    16
 Armour: Animal skin       |    19 |    24 |     2 ||    45
         Skin              |    12 |       |       ||    12
  Dodge: Dodged            |    83 |   103 |    16 ||   202

Table legend: (Time is in decaauts)
 A = Elapsed time spent in this place.
 B = Non-inter-level travel time spent in this place.
 C = Inter-level travel time spent in this place.
 D = Time resting spent in this place.
 E = Time spent auto-exploring this place.
 F = Levels seen in this place.
 G = Mean time per level.
                   A        B        C        D        E       F      G
               +--------+--------+--------+--------+--------+-----+--------+
         Total |   5879 |   5446 |    433 |     61 |   4413 |   6 |  979.8 |
       Dungeon |   5879 |   5446 |    433 |     61 |   4413 |   6 |  979.8 |
               +--------+--------+--------+--------+--------+-----+--------+

Top non-repeatable levels by time:
     D:2: 1613 daAuts
     D:3: 1203 daAuts
     D:1: 1095 daAuts
     D:6: 712 daAuts
     D:4: 644 daAuts
     D:5: 611 daAuts
